 Dungeon Sprint DCSS version 0.29-a0-384-g6960b1960d (webtiles) character file.

Game seed: 12804246099070931986

6676 ytrimaz the Hoplite (level 11, -19/96 HPs)
             Began as a Formicid Fighter on May 6, 2022.
             Was a Priest of Jiyva.
             Demolished by a radroach (22 damage)
             ... in the Dungeon (Sprint V: "Ziggurat Sprint").
             The game lasted 00:04:39 (335 turns).

ytrimaz the Hoplite (Formicid Fighter)               Turns: 335, Time: 00:04:40

Health: -19/96     AC: 35    Str: 46    XL:     11   Next: 23%
Magic:  11/11      EV:  4    Int: 18    God:    Jiyva [***...]
Gold:   0          SH: 34    Dex: 16    Spells: 10/10 levels left

rFire   . . .      SeeInvis +   D - +14 obsidian axe {vorpal, Mesm Drain Fly SInv}
rCold   . . .      Faith    .   F - +18 shield of the Gong {rElec rN+ Will+ EV-5}
rNeg    + . .      Spirit   .   E - +15 Maxwell's patent armour {-Cast -Tele rElec Will+ rCorr}
rPois   .          Reflect  .   (helmet unavailable)
rElec   +          Harm     .   (no cloak)
rCorr   +          Rampage  .   H - +0 pair of gloves of the Arcane {Str+4 Int+4 Dex+2}
Will    +++..      NoCast   +   J - +2 pair of boots {Fly}
Stlth   ..........              o - amulet of the Amoeba {Acrobat Int+3 Dex+4}
HPRegen 1.38/turn               B - +6 ring of strength
MPRegen 0.47/turn               C - +6 ring of strength

@: lethally poisoned (-19 -> -22), flying, mesmerised
A: permanent stasis, dig shafts and tunnels, antennae 3, four strong arms,
clever 2, strong 2
a: Dig, Renounce Religion, Oozemancy


You were in the Dungeon.
You worshipped Jiyva.
Jiyva was most pleased with you.
You visited 1 branch

Inventory:

Hand Weapons
 k - a +5 executioner's axe
 D - the +14 obsidian axe (weapon) {vorpal, Mesm Drain Fly SInv}
   (You found it in the Dungeon)

   It inflicts extra damage upon your enemies.
   It occasionally summons demons to assist the wielder when it strikes in
   combat.
   Its wielder is mesmerised by any visible foes.
   It cannot be unequipped while any foes are visible.
   SInv:      It lets you see invisible.
   Fly:       It grants you flight.
   Drain:     It drains your maximum health when unequipped.
 G - the +6 shillelagh "Devastator" {shatter}
   (You found it in the Dungeon)

   It releases a powerful concussive burst when it strikes, dealing extra damage
   to the target and all other foes adjacent to them.
Armour
 h - a +5 crystal plate armour
 i - +5 gold dragon scales
 j - a +3 tower shield
 E - the +15 Maxwell's patent armour (worn) {-Cast -Tele rElec Will+ rCorr}
   (You found it in the Dungeon)

   rElec:     It insulates you from electricity.
   -Cast:     It prevents spellcasting.
   -Tele:     It prevents most forms of teleportation.
   rCorr:     It protects you from acid and corrosion.
   Will:      It increases your willpower.
 F - the +18 shield of the Gong (worn) {rElec rN+ Will+ EV-5}
   (You found it in the Dungeon)

   It is deafeningly noisy when blocking attacks.
   EV:        It affects your evasion (-5).
   rElec:     It insulates you from electricity.
   rN:        It protects you from negative energy.
   Will:      It increases your willpower.
 H - the +0 pair of gloves of the Arcane (worn) {Str+4 Int+4 Dex+2}
   (You found it in the Dungeon)

   Str:       It affects your strength (+4).
   Int:       It affects your intelligence (+4).
   Dex:       It affects your dexterity (+2).
 I - a +0 pair of boots of flying
 J - a +2 pair of boots of flying (worn)
Jewellery
 a - a ring of positive energy
 b - a ring of willpower
 c - a ring of positive energy
 o - the amulet of the Amoeba (around neck) {Acrobat Int+3 Dex+4}
   (You found it in the Dungeon)

   [amulet of the acrobat]

   It increases your evasion while moving and waiting.
   Int:       It affects your intelligence (+3).
   Dex:       It affects your dexterity (+4).
 w - a ring of flight
 x - a +6 ring of dexterity
 y - a +6 ring of dexterity
 z - a +6 ring of intelligence
 A - a +6 ring of intelligence
 B - a +6 ring of strength (left hand)
 C - a +6 ring of strength (right hand)
 K - the ring "Sucwow" {MP+9 Int-5 Dex+4 SInv}
   (You found it in the Dungeon)

   [ring of magical power]

   Int:       It affects your intelligence (-5).
   Dex:       It affects your dexterity (+4).
   MP:        It affects your magic capacity (+9).
   SInv:      It lets you see invisible.
Wands
 t - a wand of mindburst (7)
 u - a wand of iceblast (7)
 v - a wand of acid (7)
Scrolls
 p - 4 scrolls of amnesia
 q - 7 scrolls of fog
 r - 5 scrolls of identify
 s - 2 scrolls of fear
Potions
 d - 6 potions of might
 e - 10 potions of curing
 f - 7 potions of heal wounds
 g - 7 potions of magic
 l - 2 potions of brilliance
 m - a potion of invisibility
 n - 3 potions of resistance


   Skills:
 + Level 12.5 Fighting
 - Level 2.0(7.1) Axes
 * Level 10.8(10.9) Maces & Flails
 + Level 12.4 Armour
 * Level 21.2 Shields


You had 10 spell levels left.
You didn't know any spells.
Your spell library contained the following spells:

 Spells                   Type           Power      Damage    Failure   Level
 Animate Skeleton         Necr           0%         N/A       67%         1
 Apportation              Tloc           0%         N/A       67%         1
 Beastly Appendage        Tmut           0%         N/A       67%         1
 Freeze                   Ice            0%         1d3       67%         1
 Shock                    Conj/Air       0%         1d3       67%         1
 Summon Small Mammal      Summ           0%         N/A       67%         1
 Corpse Rot               Necr/Air       0%         N/A       80%         2
 Poisonous Vapours        Pois/Air       0%         N/A       80%         2
 Conjure Flame            Conj/Fire      0%         6-21      95%         3
 Ozocubu's Armour         Ice            0%         N/A       95%         3
 Ice Form                 Ice/Tmut       0%         N/A       100%        4
 Olgreb's Toxic Radiance  Pois           0%         N/A       100%        4
 Summon Ice Beast         Ice/Summ       0%         N/A       100%        4
 Agony                    Necr           0%         N/A       100%        5
 Fireball                 Conj/Fire      0%         3d3       100%        5
 Irradiate                Conj/Tmut      0%         3d13      100%        5
 Iskenderun's Battlesphe  Conj           0%         2d6       100%        5
 Lightning Bolt           Conj/Air       0%         1d11      100%        5
 Summon Mana Viper        Hex/Summ       0%         N/A       100%        5
 Conjure Ball Lightning   Conj/Air       0%         3x3d6     100%        6
 Malign Gateway           Summ/Tloc      0%         N/A       100%        7
 Orb of Destruction       Conj           0%         9d5       100%        7
 Ozocubu's Refrigeration  Ice            0%         4d5       100%        7
 Disjunction              Tloc           0%         N/A       100%        8
 Ignition                 Fire           0%         3d3       100%        8


Dungeon Overview and Level Annotations

Branches:
Dungeon (1/1)

Altars:
Ashenzari
Cheibriados
Dithmenos
Elyvilon
Fedhas
Gozag
Hepliaklqana
Kikubaaqudgha
Makhleb
Nemelex Xobeh
Okawaru
Qazlal
Ru
Sif Muna
Trog
Uskayaw
Vehumet
Wu Jian
Xom
Yredelemnul
Zin
The Shining One
Beogh
Jiyva
Lugonu


Innate Abilities, Weirdness & Mutations

You cannot be hasted, slowed, berserked, paralysed or teleported.
You can dig through walls and to a lower floor.
You have a pair of large antennae on your head. (SInv)
Your four strong arms can wield two-handed weapons with a shield.
Your mind is very acute. (Int +4)
Your muscles are very strong. (Str +4)


Message History

GONNNNG!
The demonic crawler hits you. x2; The wolf spider hits you!
The wolf spider bites you but does no damage.
The radroach bites you but does no damage.
The radroach claws you but does no damage.
The hornet stings you!!
* * * LOW HITPOINT WARNING * * *
Your stasis prevents you from being slowed.
Your Shields skill increases to level 21!
Unknown command.
You slash the wolf spider!
You kill the wolf spider!
You slash the hornet!
You kill the hornet!
You hit the radroach. You slice the hornet!! You slash the radroach!
You hit the demonic crawler.
Visions of slaying the hornet flood into your mind.
You feel very sick. You block the hornet's attack.
SHROANNG!
You block the demonic crawler's attack.
PTOANNNG!
You block the demonic crawler's attack.
GONNNNG!
You block the demonic crawler's attack.
PTOANNNG!
The radroach barely misses you.
The radroach claws you but does no damage.
You block the radroach's attack.
PANG!
The radroach claws you!
* * * LOW HITPOINT WARNING * * *
The hornet stings you but does no damage.
The demonic crawler hits you but does no damage.
The demonic crawler hits you.
* * * LOW HITPOINT WARNING * * *
The demonic crawler hits you.
* * * LOW HITPOINT WARNING * * *
The radroach bites you!!
You die...

▓...8©8...▓
▓..)![|=..▓..}.|.)..▓
▓..:)|}[..▓....:)...▓
▓.........▓.........▓
▓.........▓...††....▓
▓.........▓.........▓
▓....y....▓.........▓
▓...yBs...▓.▓†....▓.▓
▓.▓.B@†.▓.▓....©....▓
▓....©†...▓▓▓▓▓▓▓▓▓▓▓
▓▓▓▓▓▓▓▓▓▓▓ { { {


{{{{{{{{{ {{{ { {{{{{{{ {{{{ {{{{{{{ { You could see 2 radroaches, a demonic
crawler, a moth of wrath and a hornet (mesmerising, berserk).

Vanquished Creatures
  A spark wasp (D)
  4 wolf spiders (D)
  A cyclops (D)
  A black mamba (D)
  A wind drake (D)
  A merfolk (D)
  A hornet (D)
  2 tarantellas (D)
  2 air elementals (D)
  A wyvern (shapeshifter) (D)
  A fire bat (shapeshifter) (D)
  A redback (D)
  A water moccasin (shapeshifter) (D)
  A naga (D)
  A hell hound (D)
  2 centaurs (D)
  A phantom (D)
  A scorpion (D)
  A crimson imp (D)
  A quasit (D)
  2 adders (D)
  A shadow imp (D)
  An adder skeleton (D)
  2 bat skeletons (D)
  3 ball pythons (D)
  4 ball python skeletons (D)
  A giant cockroach zombie (D)
  A quokka skeleton (D)
41 creatures vanquished.

Vanquished Creatures (collateral kills)
  A thrashing horror (D)
  An ugly thing (D)
  A merfolk (D)
  A jumping spider (D)
  A redback (D)
  A water moccasin (D)
  A phantom (D)
  2 scorpions (D)
  A wight (D)
  An iron imp (D)
  2 adders (D)
  3 bat skeletons (D)
  A bat zombie (D)
  A quokka skeleton (D)
18 creatures vanquished.

Vanquished Creatures (others)
  A shard shrike (shapeshifter) (D)
  2 titans (shapeshifter) (D)
  An acid blob (shapeshifter) (D)
  A rockslime (shapeshifter) (D)
  A great orb of eyes (D)
  A fire crab (shapeshifter) (D)
  A glowing orange brain (shapeshifter) (D)
  A lindwurm (shapeshifter) (D)
  A manticore (shapeshifter) (D)
  A cyclops (shapeshifter) (D)
  An eye of devastation (shapeshifter) (D)
  A komodo dragon (shapeshifter) (D)
  A blink frog (shapeshifter) (D)
  A slime creature (shapeshifter) (D)
  A yak (shapeshifter) (D)
  A golden eye (shapeshifter) (D)
  A fire bat (shapeshifter) (D)
  2 redbacks (shapeshifter) (D)
  A hog (shapeshifter) (D)
  A floating eye (shapeshifter) (D)
  An ogre (shapeshifter) (D)
  4 jellies (D)
27 creatures vanquished.

Grand Total: 86 creatures vanquished

Notes
Turn   | Place    | Note
-------+----------+-------------------------------------------
     0 | D        | ytrimaz the Formicid Fighter began the quest for the Orb.
     0 | D        | Reached XP level 1. HP: 18/18 MP: 1/1
     3 | D        | Found a blossoming altar of Fedhas.
     3 | D        | Found the +6 Majin-Bo {vamp, MP+6 Int+6}
     3 | D        | Found the +9 heavy crossbow "Sniper" {vorpal, Acc+∞ SInv}
     3 | D        | Found the +10 dark maul {vorpal}
     3 | D        | Found the +15 Maxwell's patent armour {-Cast -Tele rElec
                  | Will+ rCorr}
     3 | D        | Found the +18 shield of the Gong {rElec rN+ Will+ EV-5}
     3 | D        | Found the +14 obsidian axe {vorpal, Mesm Drain Fly SInv}
     3 | D        | Found the +7 great mace "Firestarter" {inner flame, rF++}
     3 | D        | Found the +6 shillelagh "Devastator" {shatter}
     3 | D        | Found the +11 plutonium sword {Contam Stlth-}
     3 | D        | Found the +8 lance "Wyrmbane" {slay drac, rPois rF+ rC+
                  | AC+3}
     3 | D        | Found the +9 sword of Zonguldrok {reap}
     3 | D        | Found the +13 scythe of Curses {drain, Drain}
     3 | D        | Found the +5 sword of Power {vorpal}
     3 | D        | Found the +7 mace of Variability {chain chaos}
     3 | D        | Found the +7 Singing Sword {vorpal, sonic wave}
     3 | D        | Found the +8 storm bow {elec, penet}
     3 | D        | Banished a spatial maelstrom
     5 | D        | Found a viscous altar of Jiyva.
     5 | D        | Found a hazy altar of Hepliaklqana.
     5 | D        | Found a transporter.
     5 | D        | Found an opulent altar of Gozag.
     5 | D        | Found an ancient bone altar of Kikubaaqudgha.
     5 | D        | Found a corrupted altar of Lugonu.
    21 | D        | Found a burning altar of Makhleb.
    27 | D        | Found a shimmering blue altar of Sif Muna.
    27 | D        | Found a sacrificial altar of Ru.
    27 | D        | Found a bloodstained altar of Trog.
    27 | D        | Found a stormy altar of Qazlal.
    27 | D        | Found an iron altar of Okawaru.
    27 | D        | Found a sparkling altar of Nemelex Xobeh.
    52 | D        | Reached skill level 6 in Shields
    52 | D        | Reached XP level 2. HP: 26/26 MP: 2/2
    86 | D        | Became a worshipper of Jiyva Jooll the Shapeless
    89 | D        | Killed a cyclops
    90 | D        | Killed an eye of devastation
    90 | D        | Killed a great orb of eyes
    91 | D        | Entered arena 2.
    91 | D        | Noticed an air elemental
    91 | D        | Noticed an air elemental
    91 | D        | Killed a rockslime
    91 | D        | Found a transporter.
    95 | D        | Killed a titan
    99 | D        | Killed a redback
   100 | D        | Killed a titan
   100 | D        | Killed a slime creature
   102 | D        | Killed an air elemental
   102 | D        | Killed a floating eye
   103 | D        | Reached skill level 5 in Maces & Flails
   103 | D        | Reached skill level 9 in Shields
   103 | D        | Reached XP level 3. HP: 34/34 MP: 3/3
   103 | D        | Reached XP level 4. HP: 40/40 MP: 4/4
   103 | D        | Reached XP level 5. HP: 46/46 MP: 5/5
   104 | D        | Killed an air elemental
   104 | D        | Killed a blink frog
   104 | D        | Killed a fire bat
   104 | D        | Killed a shard shrike
   104 | D        | Killed a redback
   105 | D        | Reached skill level 11 in Shields
   105 | D        | Reached XP level 6. HP: 55/55 MP: 6/6
   107 | D        | Killed a fire crab
   108 | D        | Killed a manticore
   109 | D        | Got the amulet of the Amoeba {Acrobat Int+3 Dex+4}
   112 | D        | Killed a lindwurm
   113 | D        | Killed an acid blob
   120 | D        | Entered arena 3.
   120 | D        | Found a transporter.
   125 | D        | Killed a komodo dragon
   129 | D        | Reached XP level 7. HP: 60/60 MP: 7/7
   131 | D        | Got Luguwkeg's Almanac of Hurtful Snow
   137 | D        | Entered arena 4.
   137 | D        | Found a transporter.
   148 | D        | Got the +0 pair of gloves of the Arcane {Str+4 Int+4 Dex+2}
   153 | D        | Killed a hog
   154 | D        | Killed a yak
   158 | D        | Entered arena 5.
   158 | D        | Noticed a naga
   158 | D        | Noticed a wyvern
   158 | D        | Noticed a fire bat
   158 | D        | Noticed a white ugly thing
   158 | D        | Reached * piety under Jiyva
   158 | D        | Found a transporter.
   161 | D        | Killed a wyvern
   162 | D        | Reached skill level 12 in Shields
   162 | D        | Killed a white ugly thing
   163 | D        | Reached skill level 13 in Shields
   163 | D        | Reached XP level 8. HP: 70/70 MP: 8/8
   164 | D        | Killed a fire bat
   165 | D        | Reached skill level 14 in Shields
   171 | D        | Got Nyafu's Reference Book on Unstable Dark Magic
   179 | D        | Entered arena 6.
   179 | D        | Noticed a thrashing horror
   179 | D        | Found a transporter.
   181 | D        | Killed a thrashing horror
   182 | D        | Reached skill level 10 in Fighting
   182 | D        | Reached skill level 10 in Armour
   182 | D        | Reached skill level 15 in Shields
   182 | D        | Reached XP level 9. HP: 78/78 MP: 9/9
   184 | D        | Killed a glowing orange brain
   219 | D        | Entered arena 7.
   219 | D        | Noticed a merfolk
   219 | D        | Noticed a merfolk
   219 | D        | Noticed a wind drake
   219 | D        | Noticed a cyclops
   219 | D        | Reached ** piety under Jiyva
   220 | D        | Found a transporter.
   225 | D        | Killed a merfolk
   225 | D        | Killed a wind drake
   226 | D        | Reached skill level 16 in Shields
   226 | D        | Killed a merfolk
   227 | D        | Reached skill level 17 in Shields
   228 | D        | Killed a cyclops
   229 | D        | Reached XP level 10. HP: 87/87 MP: 10/10
   237 | D        | Got Sif Muna's Disquisition on Scorching Moulding
   246 | D        | Entered arena 8.
   246 | D        | Noticed a black mamba
   247 | D        | Found a transporter.
   250 | D        | Killed a black mamba
   251 | D        | Reached skill level 18 in Shields
   258 | D        | Entered arena 9.
   259 | D        | Found a transporter.
   272 | D        | Got Jiufiprumyi's Volume of Creative Fire
   275 | D        | Entered arena 10.
   275 | D        | Reached *** piety under Jiyva
   276 | D        | Found a transporter.
   300 | D        | Entered arena 11.
   300 | D        | Noticed a wolf spider
   301 | D        | Found a transporter.
   303 | D        | Killed a wolf spider
   304 | D        | Reached skill level 10 in Maces & Flails
   304 | D        | Reached skill level 19 in Shields
   310 | D        | Reached skill level 20 in Shields
   315 | D        | Got the Collected Works on Feathery Snow
   323 | D        | Got the ring "Sucwow" {MP+9 Int-5 Dex+4 SInv}
   326 | D        | Entered arena 12.
   326 | D        | Noticed a spark wasp
   326 | D        | Noticed a radroach
   326 | D        | Noticed a demonic crawler
   326 | D        | Noticed a wolf spider
   326 | D        | Noticed a wolf spider
   326 | D        | Noticed a wolf spider
   326 | D        | Gained mutation: Your mind is acute. (Int +2) [Jiyva's
                  | grace]
   326 | D        | Gained mutation: Your mind is very acute. (Int +4) [Jiyva's
                  | grace]
   326 | D        | Gained mutation: Your muscles are strong. (Str +2) [Jiyva's
                  | grace]
   326 | D        | Gained mutation: Your muscles are very strong. (Str +4)
                  | [Jiyva's grace]
   326 | D        | Noticed a moth of wrath
   328 | D        | Killed a spark wasp
   328 | D        | Noticed a radroach
   329 | D        | Reached XP level 11. HP: 95/95 MP: 11/11
   331 | D        | Killed a wolf spider
   334 | D        | Killed a wolf spider
   335 | D        | Reached skill level 21 in Shields
   335 | D        | Killed a wolf spider
   335 | D        | HP: 4/96 [demonic crawler (5)]
   335 | D        | Demolished by a radroach

Illustrated notes

Levels and vault maps discovered:
D:        sprint_v [room_start, room_1, room_2, room_3, room_4, room_5, room_6,
          room_7, room_8, room_9, room_10, room_11, room_12, room_13, room_14,
          room_15, room_16, room_17, room_18, room_19, room_20, room_21,
          room_22, room_23, room_24, room_25, room_26, room_27]

Skill      XL: |  1  2  3  4  5  6  7  8  9 10 11 |
---------------+----------------------------------+-----
Fighting       | 4 6 7 8 10 11 12 | 12.5
Maces & Flails | 4 5 6 7 8 9 10 | 10.8
Armour         | 4 6 7 8 9 10 11 12 | 12.4
Shields        | 6 9 11 13 15 17 20 21 | 21.2
Axes           | |  2.0

Action                   |  1- 3 |  4- 6 |  7- 9 | 10-12 || total
-------------------------+-------+-------+-------+-------++-------
Melee: Broad axe         |     5 |     7 |    16 |    23 ||    51
  Use: Potion            |     7 |       |       |       ||     7
Armor: Plate armour      |    23 |     3 |    15 |    30 ||    71
Dodge: Dodged            |     1 |     1 |     1 |    11 ||    14
Block: Kite shield       |    30 |    11 |    37 |    61 ||   139

Table legend: (Time is in decaauts)
 A = Elapsed time spent in this place.
 B = Non-inter-level travel time spent in this place.
 C = Inter-level travel time spent in this place.
 D = Time resting spent in this place.
 E = Time spent auto-exploring this place.
 F = Levels seen in this place.
 G = Mean time per level.
                   A        B        C        D        E       F      G
               +--------+--------+--------+--------+--------+-----+--------+
         Total |    351 |    351 |      0 |      0 |      0 |   1 |  351.0 |
       Dungeon |    351 |    351 |      0 |      0 |      0 |   1 |  351.0 |
               +--------+--------+--------+--------+--------+-----+--------+

Top non-repeatable levels by time:
       D: 351 daAuts
